 Dungeon Crawl Stone Soup version 0.24.0-29-g8ce449bc06 (webtiles) character file.

Game seed: 17797147477663996525, levelgen mode: deterministic

8642 Flugslaktarn the Cleaver (level 11, -4/97 HPs)
             Began as a Minotaur Fighter on Nov 13, 2019.
             Was an Elder of Makhleb.
             Killed from afar by a raiju (8 damage)
             ... with a living lightning
             ... on level 3 of the Abyss.
             The game lasted 00:05:54 (9006 turns).

Flugslaktarn the Cleaver (Minotaur Fighter)         Turns: 9006, Time: 00:05:55

Health: -4/97      AC: 19    Str: 30    XL:     11   Next: 12%
Magic:  0/14       EV:  3    Int:  5    God:    Makhleb [****..]
Gold:   415        SH: 14    Dex:  9    Spells: 10/10 levels left

rFire    . . .     SeeInvis .   b - +4 hand axe
rCold    + + .     Gourm    .   p - +2 shield {rC+}
rNeg     . . .     Faith    .   y - +0 plate armour
rPois    .         Spirit   +   (helmet restricted)
rElec    .         Reflect  .   g - +2 cloak
rCorr    .         Harm     .   (no gloves)
MR       .....                  K - +0 pair of boots
Stlth    ..........             i - amulet of guardian spirit
HPRegen  0.26/turn              v - -3 ring of evasion
MPRegen  0.14/turn              (no ring)

@: mighty, afraid, flying
A: retaliatory headbutt, horns 2, cold resistance 1, shaggy fur 1
a: Minor Destruction, Lesser Servant of Makhleb, Major Destruction, Renounce
Religion


You were on level 3 of the Abyss.
You worshipped Makhleb.
Makhleb was greatly pleased with you.
You were not hungry.

You visited 1 branch of the dungeon, and saw 10 of its levels.
You visited the Abyss 1 time.

You collected 558 gold pieces.
You spent 143 gold pieces at shops.

Inventory:

Hand Weapons
 a - a +0 war axe
 b - a +4 hand axe (weapon)
   (You took it off a wight on level 7 of the Dungeon)
 C - a +0 hand axe of freezing
   (You took it off an orc on level 6 of the Dungeon)
Missiles
 E - 2 throwing nets (quivered)
Armour
 g - a +2 cloak (worn)
   (You found it on level 1 of the Dungeon)
 p - a +2 shield of cold resistance (worn)
   (You found it on level 1 of the Dungeon)
 y - a +0 plate armour (worn)
   (You found it on level 5 of the Dungeon)
 K - a +0 pair of boots (worn)
   (You found it on level 9 of the Dungeon)
Jewellery
 i - an amulet of guardian spirit (around neck)
   (You found it on level 3 of the Dungeon)
 v - a -3 ring of evasion (left hand)
   (You found it on level 1 of the Dungeon)
Wands
 x - a wand of iceblast (5)
   (You bought it in a shop on level 4 of the Dungeon)
 H - a wand of enslavement (6)
   (You found it on level 7 of the Dungeon)
Scrolls
 c - 2 scrolls of fog
 k - a scroll of enchant armour
 l - a scroll of immolation
 n - a scroll of amnesia {unknown}
 u - 2 scrolls of enchant weapon {unknown}
 w - 3 scrolls of remove curse
 z - 2 scrolls of blinking
 A - a scroll of fear
 I - a scroll of magic mapping {unknown}
 L - 2 scrolls of noise {unknown}
Potions
 d - 2 potions of might
 f - 2 potions of berserk rage
 h - a potion of haste
 j - a potion of ambrosia
 m - a potion of heal wounds
 o - 3 potions of mutation
 q - 3 potions of curing
 s - 5 potions of agility
 D - a potion of magic
 G - a potion of brilliance
 J - a potion of resistance {unknown}
Comestibles
 e - 16 rations


   Skills:
 + Level 9.0 Fighting
 * Level 11.4 Axes
 + Level 9.0 Armour
 + Level 8.9 Shields
 + Level 6.3 Invocations
 - Level 5.0 Evocations


You had 10 spell levels left.
You didn't know any spells.
Your spell library was empty.

Dungeon Overview and Level Annotations

Branches:
Dungeon (10/15)            Temple (0/1) D:6            Lair (0/6) D:9
    Orc: D:9-12

Altars:
Ashenzari
Cheibriados
Gozag
Kikubaaqudgha
Makhleb
Ru
Trog
Uskayaw
Vehumet
Wu Jian
Zin
The Shining One

Shops:
D:4 }

Annotations:
D:4 2 runed translucent doors, Flugslaktarn's ghost, amateur DDFi
D:5 2 runed translucent doors, XO4YCPATb's ghost, amateur DsBe
D:7 2 transporters, coffeespoons's ghost, novice GnAs
D:9 exclusion: door
D:10 Erolcha


Innate Abilities, Weirdness & Mutations

You reflexively headbutt those who attack you in melee.
You have a pair of horns on your head.
Your flesh is cold resistant. (rC+)
You are covered in fur. (AC +1)


Message History

You block the sling bullet.
You hear a splash.
You feel very buoyant.
You fly up into the air.
You block the raiju's attack.
You feel very mighty all of a sudden.
The satyr shoots a sling bullet.
The sling bullet hits you!!
* * * LOW HITPOINT WARNING * * *
You hear a splash.
The raiju bites you!
* * * LOW HITPOINT WARNING * * *
The raiju shocks you!
* * * LOW HITPOINT WARNING * * *
You hit the raiju.
The raiju is moderately wounded.
The satyr shoots a sling bullet.
The sling bullet hits you!
* * * LOW HITPOINT WARNING * * *
You hear a splash.
The raiju bursts into living lightning!
The living lightning hits you!
You die...

## #.. ## ...#
.# ...##. ###
##. #..c..##.#
#... #.
##..≈≈≈##..# ..
#..§..#(≈@h# ##
...####(≈≈≈##
#.# .......≈≈≈#
# #.####.##≈≈≈#
#. #..#.....###
# #..#.. .##.#
#####...## #.#
..#...#..##.###
. .#. # .. ..


You could see a satyr and a raiju.

Vanquished Creatures
  An unseen horror (Abyss:2)
  Pikel (D:5)
  An ugly thing (D:8)
  Joseph (D:8)
  Maurice (D:8)
  A hellwing (Abyss:2)
  3 trolls
  A small abomination (Abyss:2)
  A human (D:9)
  Grum (D:8)
  4 hogs (D:9)
  2 hungry ghosts
  A chaos spawn (Abyss:2)
  A soldier ant (D:7)
  Edmund (D:6)
  A water moccasin (D:9)
  An orc warrior (D:7)
  A sky beast (D:5)
  An ice beast (D:7)
  A phantom (D:7)
  2 wolves (D:8)
  A centaur (D:8)
  6 ogres
  A crocodile (D:9)
  Blork the orc (D:6)
  4 bullfrogs
  8 scorpions
  7 wights
  9 killer bees (D:9)
  4 howler monkeys
  3 crimson imps
  2 human zombies (D:9)
  2 jellies
  An orc priest (D:6)
  2 hounds
  2 bullfrog skeletons
  Jessica (D:3)
  6 orc wizards
  5 worker ants
  A hound skeleton (D:7)
  2 worker ant zombies
  3 gnolls (D:8)
  9 adders
  An ufetubus (Abyss:2)
  3 adder skeletons
  4 worms
  10 dart slugs (D:3)
  6 leopard geckos
  16 orcs
  3 ball pythons
  2 giant cockroaches
  7 goblins
  3 hobgoblins
  2 jackals (D:7)
  7 quokkas
  9 bats
  A frilled lizard (D:1)
  A jackal zombie (D:6)
  9 kobolds
  A quokka skeleton (D:7)
  4 rats
197 creatures vanquished.

Vanquished Creatures (collateral kills)
  A two-headed ogre (D:8)
1 creature vanquished.

Vanquished Creatures (others)
  A crimson imp (D:5)
  A hound (D:5)
  A shadow imp (D:5)
  An orc (D:5)
4 creatures vanquished.

Grand Total: 202 creatures vanquished

Notes
Turn   | Place    | Note
-------+----------+-------------------------------------------
     0 | D:1      | Flugslaktarn the Minotaur Fighter began the quest for the
                  | Orb.
     0 | D:1      | Reached XP level 1. HP: 19/19 MP: 0/0
   258 | D:1      | Reached XP level 2. HP: 22/27 MP: 1/1
   531 | D:1      | Reached skill level 3 in Axes
  1070 | D:2      | Reached XP level 3. HP: 32/33 MP: 2/2
  1810 | D:3      | Found a burning altar of Makhleb.
  1810 | D:3      | Noticed an ogre
  1819 | D:3      | Killed an ogre
  1819 | D:3      | Reached skill level 4 in Axes
  1819 | D:3      | Reached XP level 4. HP: 32/41 MP: 3/3
  1826 | D:3      | Became a worshipper of Makhleb the Destroyer
  1968 | D:3      | Reached XP level 5. HP: 47/47 MP: 4/4
  1972 | D:3      | Noticed Jessica
  1987 | D:3      | Killed Jessica
  2154 | D:3      | Reached * piety under Makhleb
  2811 | D:4      | Noticed a troll
  2817 | D:4      | Reached skill level 5 in Axes
  2817 | D:4      | Reached skill level 1 in Invocations
  2817 | D:4      | Reached XP level 6. HP: 44/55 MP: 2/5
  2897 | D:4      | Found an opulent altar of Gozag.
  2953 | D:4      | Found Cohethrus's Gadget Boutique.
  2956 | D:4      | Bought a wand of iceblast (9) for 143 gold pieces
  3004 | D:4      | Reached skill level 5 in Fighting
  3004 | D:4      | Reached skill level 5 in Armour
  3166 | D:4      | Found a large runed translucent door.
  3166 | D:4      | Found a large runed translucent door.
  3167 | D:4      | Noticed Flugslaktarn's ghost (amateur DDFi)
  3171 | D:4      | Reached skill level 5 in Shields
  3257 | D:4      | Found a glowing silver altar of Zin.
  3321 | D:4      | Reached XP level 7. HP: 50/61 MP: 5/7
  3356 | D:4      | HP: 3/61 [troll (7)]
  3358 | D:4      | Killed a troll
  3358 | D:4      | Reached skill level 6 in Axes
  3358 | D:4      | Reached skill level 1 in Evocations
  3971 | D:5      | Entered Level 5 of the Dungeon
  4011 | D:5      | Noticed Pikel
  4033 | D:5      | Killed Pikel
  4033 | D:5      | Reached skill level 7 in Axes
  4033 | D:5      | Reached XP level 8. HP: 47/70 MP: 7/9
  4136 | D:5      | Found a runed translucent door.
  4137 | D:5      | Noticed XO4YCPATb's ghost (amateur DsBe)
  4352 | D:5      | Reached ** piety under Makhleb
  4503 | D:5      | Found a shattered altar of Ashenzari.
  4507 | D:5      | Saw a vision of the Shoals and the Spider Nest.
  4507 | D:5      | Noticed a merfolk siren
  4507 | D:5      | Noticed a merfolk
  4507 | D:5      | Noticed a sea snake
  4507 | D:5      | Noticed a merfolk
  4507 | D:5      | Noticed a sea snake
  4507 | D:5      | Noticed a merfolk
  4507 | D:5      | Noticed a merfolk
  4507 | D:5      | Noticed a merfolk
  4509 | D:5      | Noticed a wolf spider
  4835 | D:5      | Found a runed translucent door.
  4972 | D:6      | Noticed Edmund
  4988 | D:6      | Killed Edmund
  5046 | D:6      | Reached skill level 8 in Axes
  5191 | D:6      | Found a staircase to the Ecumenical Temple.
  5391 | D:6      | Reached XP level 9. HP: 73/78 MP: 7/10
  5495 | D:6      | Found a hide-covered altar of Uskayaw.
  5505 | D:6      | Noticed Blork the orc
  5513 | D:6      | Killed Blork the orc
  5959 | D:7      | Found a snail-covered altar of Cheibriados.
  6027 | D:7      | Found a transporter.
  6028 | D:7      | Noticed coffeespoons's ghost (novice GnAs)
  6033 | D:7      | Found a transporter.
  6209 | D:7      | Reached *** piety under Makhleb
  6225 | D:7      | Reached skill level 9 in Axes
  6642 | D:8      | Noticed Maurice
  6651 | D:8      | Noticed Grum
  6683 | D:8      | Killed Grum
  6699 | D:8      | Killed Maurice
  6699 | D:8      | Reached skill level 5 in Invocations
  6699 | D:8      | Reached XP level 10. HP: 74/88 MP: 9/12
  6779 | D:8      | Noticed Joseph
  6797 | D:8      | Killed Joseph
  6901 | D:8      | Noticed a two-headed ogre
  6973 | D:8      | Killed a two-headed ogre
  6973 | D:8      | Reached skill level 10 in Axes
  7437 | D:8      | Noticed a white ugly thing
  7449 | D:8      | Killed a white ugly thing
  7713 | D:8      | Gained mutation: Your spells are a little easier to cast,
                  | but a little less powerful. [potion of mutation]
  7713 | D:8      | Gained mutation: You are partially covered in slimy green
                  | scales. (AC +2) [potion of mutation]
  7714 | D:8      | Lost mutation: You are partially covered in slimy green
                  | scales. (AC +2) [potion of mutation]
  7714 | D:8      | Gained mutation: You are covered in fur. (AC +1) [potion of
                  | mutation]
  7714 | D:8      | Lost mutation: Your spells are a little easier to cast, but
                  | a little less powerful. [potion of mutation]
  7714 | D:8      | Gained mutation: Your flesh is cold resistant. (rC+)
                  | [potion of mutation]
  8007 | D:9      | Reached **** piety under Makhleb
  8094 | D:9      | Reached skill level 5 in Evocations
  8286 | D:9      | Reached skill level 11 in Axes
  8323 | D:9      | Found a glowing golden altar of the Shining One.
  8326 | D:9      | Found a bloodstained altar of Trog.
  8326 | D:9      | Found an ancient bone altar of Kikubaaqudgha.
  8329 | D:9      | Found a sacrificial altar of Ru.
  8432 | D:9      | Found a radiant altar of Vehumet.
  8638 | D:9      | Found a staircase to the Lair.
  8680 | D:9      | Found an ornate altar of the Wu Jian Council.
  8731 | D:10     | Entered Level 10 of the Dungeon
  8731 | D:10     | Noticed Erolcha
  8732 | D:10     | Cast into level 1 of the Abyss (Erolcha)
  8732 | Abyss:1  | Found a corrupted altar of Lugonu.
  8746 | Abyss:2  | Found a corrupted altar of Lugonu.
  8799 | Abyss:2  | Reached XP level 11. HP: 91/95 MP: 11/14
  8834 | Abyss:2  | Killed an unseen horror
  8962 | Abyss:2  | Noticed a starcursed mass
  8999 | Abyss:3  | Noticed a satyr
  9006 | Abyss:3  | HP: 4/97 [satyr/sling bullet (11)]
  9006 | Abyss:3  | Killed from afar by a raiju

Levels and vault maps discovered:
D:1:      erik_arrival_triangle_large, layout_rooms, chequers_big_river
D:2:      layout_loops_ring, first_ration
D:3:      kennysheep_slugbush, layout_basic, old_standard_altar,
          portal_sewer_entry_d, uniq_jessica
D:4:      layout_rooms, lemuel_doored_altar, kennysheep_mini,
          ebering_ghost_disaster_area, serial_shops, nicolae_shop_behind_doors
D:5:      layout_loops_cross, ebering_ghost_sewer_f, grunt_ashenzari_visionary
          [grunt_ashenzari_visionary_shoals, grunt_ashenzari_visionary_spider],
          uniq_pikel
D:6:      layout_loops_ring, eat_drink_and_be_merry_uskayaw, temple_pool_b,
          uniq_blork_the_orc, uniq_edmund
D:7:      layout_loops_ring, lemuel_round_altar, gammafunk_ghost_smash,
          minmay_alternating_orb
D:8:      layout_loops_ring, enter_bailey_3, uniq_grum, uniq_maurice,
          uniq_joseph
D:9:      layout_roguey, lemuel_mausoleum_altar_yredelemnul,
          grunt_temple_overflow_open, nicolae_overflow_hidden_temple,
          lair_entry_dummy, grunt_livestock
D:10:     due_megacathedral, layout_long_grid, serial_bayou_pond_e,
          uniq_erolcha, uniq_harold
Abyss:3:  base: D:3, grunt_abyss_rune_forest_and_sorcery,
          lemuel_flamethrower_hall, nicolae_abyss_rune_left_handed

Skill      XL: |  1  2  3  4  5  6  7  8  9 10 11 |
---------------+----------------------------------+-----
Axes           | 3 4 5 7 8 9 11 | 11.4
Fighting       | 4 5 6 7 8 9 |  9.0
Armour         | 4 5 6 7 8 9 |  9.0
Shields        | 4 5 6 7 8 |  8.9
Invocations    | 1 3 5 6 |  6.3
Evocations     | 2 3 4 5 |  5.0

Action                   |  1- 3 |  4- 6 |  7- 9 | 10-12 || total
-------------------------+-------+-------+-------+-------++-------
Melee: War axe           |    89 |   110 |   203 |       ||   402
       Headbutt          |     9 |    12 |    60 |    41 ||   122
       Hand axe          |       |       |   150 |   215 ||   365
Invok: Lesser Servant of |       |       |       |     1 ||     1
Evoke: Wand              |       |       |     4 |       ||     4
  Use: Scroll            |       |       |       |    18 ||    18
       Potion            |       |       |       |     5 ||     5
  Eat: Chunk             |     2 |     6 |    11 |     4 ||    23
       Ration            |       |       |     1 |     2 ||     3
Armor: Scale mail        |    48 |    52 |    30 |       ||   130
       Plate armour      |       |       |   128 |   137 ||   265
Dodge: Dodged            |    28 |    32 |    30 |    19 ||   109
Block: Shield            |    47 |    58 |   185 |   160 ||   450
